 Dungeon Crawl Stone Soup version 0.29-a0-8-g0446c0dae4 (webtiles) character file.

Game seed: 4873382657508345738

70 testman the Cudgeller (level 4, 0/32 HPs)
             Began as a Gnoll Wanderer on Jan 27, 2022.
             Succumbed to an adder's poison
             ... on level 2 of the Dungeon.
             The game lasted 00:04:25 (2492 turns).

testman the Cudgeller (Gnoll Wanderer)              Turns: 2492, Time: 00:04:26

Health: 0/32       AC:  3    Str: 11    XL:     4   Next: 21%
Magic:  8/8        EV: 11    Int: 15    God:
Gold:   93         SH:  0    Dex: 10    Spells: 4/8 levels left

rFire   . . .      SeeInvis .   a - +0 flail
rCold   . . .      Faith    .   (no shield)
rNeg    . . .      Spirit   .   c - +0 robe
rPois   .          Reflect  .   (no helmet)
rElec   .          Harm     .   e - +0 cloak
rCorr   .          Rampage  .   (no gloves)
Will    .....                   (no boots)
Stlth   +.........              (no amulet)
HPRegen 0.10/turn               (no ring)
MPRegen 0.11/turn               (no ring)

@: lethally poisoned (0 -> -3)
A: fangs 1, strong nose, distributed training
a: no special abilities


You were on level 2 of the Dungeon.
You visited 1 branch of the dungeon, and saw 2 of its levels.

You collected 93 gold pieces.

Inventory:

Hand Weapons
 a - a +0 flail (weapon)
 i - a +0 hunting sling
Missiles
 d - 4 javelins
 g - 66 stones
 h - 46 arrows
 j - 14 bolts
Armour
 c - a +0 robe (worn)
 e - a +0 cloak (worn)
Wands
 b - a wand of polymorph (7)
Scrolls
 f - a scroll of enchant weapon {unknown}
 k - a scroll of torment {unknown}


   Skills:
 + Level 1.0 Fighting
 + Level 1.0 Short Blades
 + Level 1.0 Long Blades
 + Level 1.0 Axes
 + Level 6.6 Maces & Flails
 + Level 1.0 Polearms
 + Level 1.0 Staves
 + Level 1.0 Slings
 + Level 1.0 Bows
 + Level 1.0 Crossbows
 + Level 1.0 Throwing
 + Level 2.7 Armour
 + Level 1.0 Dodging
 + Level 1.0 Stealth
 + Level 1.0 Shields
 + Level 1.0 Unarmed Combat
 + Level 2.9 Spellcasting
 + Level 0.8 Conjurations
 + Level 0.8 Hexes
 + Level 5.4 Summonings
 + Level 0.8 Necromancy
 + Level 0.8 Translocations
 + Level 0.8 Transmutations
 + Level 0.8 Fire Magic
 + Level 0.8 Ice Magic
 + Level 0.8 Air Magic
 + Level 0.8 Earth Magic
 + Level 0.8 Poison Magic
 + Level 1.1 Invocations
 + Level 4.6 Evocations


You had 4 spell levels left.
You knew the following spells:

 Your Spells              Type           Power      Damage    Failure   Level
a - Summon Small Mammal   Summ           72%        N/A       2%          1
b - Call Canine Familiar  Summ           18%        N/A       6%          3

Your spell library contained the following spells:

 Spells                   Type           Power      Damage    Failure   Level


Dungeon Overview and Level Annotations

Branches:
Dungeon (2/15)

Altars:


Innate Abilities, Weirdness & Mutations

You have very sharp teeth.
Your uncanny sense of smell can sniff out nearby items.
Your experience applies equally to all skills.


Message History

The adder bites you but does no damage. The adder barely misses you.
You miss the adder.
The adder is severely wounded.
The adder bites you.
You closely miss the adder.
The adder is severely wounded.
The adder bites you.
You are too injured to fight recklessly!
You are too injured to fight recklessly!
You are too injured to fight recklessly!
You closely miss the adder.
The adder is severely wounded.
The adder bites you.
You are poisoned.
The adder poisons you! The adder completely misses you.
You closely miss the adder.
The adder is severely wounded.
You feel sick. The adder closely misses you.
You miss the adder.
The adder is severely wounded.
You feel sick. The adder closely misses you. The adder bites you.
* * * LOW HITPOINT WARNING * * *
You are lethally poisoned!
The adder poisons you!
* * * LOW HITPOINT WARNING * * *
You feel sick.
You aren't carrying any potions.
You aren't carrying any potions.
You miss the adder.
The adder is severely wounded.
* * * LOW HITPOINT WARNING * * *
You feel sick. The adder bites you but does no damage.
You closely miss the adder.
The adder is severely wounded.
* * * LOW HITPOINT WARNING * * *
You feel sick. The adder completely misses you.
The adder bites you but does no damage.
You closely miss the adder.
The adder is severely wounded.
You die...

######..##...
............# ###
#####...###)# # #.. ∆
#......... #.#.# #
##...###.. #.#.##.#
##.## ### #......# #.#
## #S# #.# #. ##@##
##+## #. ##.#.##
##...## #. #.###.#
##.....#### ##.#.##
##.......##
#####...####.........##
...........'.........+.
####[....###.........##
#.....# ##.......##
##...## ##.....##


You could see an adder.

Vanquished Creatures
  Jessica (D:2)
  A worm (D:2)
  A dart slug (D:2)
  A bat (D:1)
  2 endoplasms (D:1)
  3 goblins
  6 hobgoblins
  3 jackals (D:1)
  2 kobolds (D:1)
  2 quokkas (D:1)
  5 ball pythons
  A frilled lizard (D:1)
  4 rats
32 creatures vanquished.

Vanquished Creatures (collateral kills)
  A worm (D:2)
1 creature vanquished.

Grand Total: 33 creatures vanquished

Notes
Turn   | Place    | Note
-------+----------+-------------------------------------------
     0 | D:1      | testman the Gnoll Wanderer began the quest for the Orb.
     0 | D:1      | testman set off with the following items: a +0 flail, a
                  | wand of polymorph (7), a +0 robe; and the following spell
                  | memorised: Summon Small Mammal; and the following spells
                  | available to memorise: Call Canine Familiar
     0 | D:1      | Reached XP level 1. HP: 13/13 MP: 4/4
   265 | D:1      | Reached XP level 2. HP: 15/19 MP: 5/5
   921 | D:1      | Reached XP level 3. HP: 9/25 MP: 7/7
  1983 | D:2      | Learned a level 3 spell: Call Canine Familiar
  2186 | D:2      | Noticed Jessica
  2191 | D:2      | Killed Jessica
  2192 | D:2      | Reached skill level 1 in Fighting
  2192 | D:2      | Reached skill level 1 in Short Blades
  2192 | D:2      | Reached skill level 1 in Long Blades
  2192 | D:2      | Reached skill level 1 in Axes
  2192 | D:2      | Reached skill level 1 in Polearms
  2192 | D:2      | Reached skill level 1 in Staves
  2192 | D:2      | Reached skill level 1 in Slings
  2192 | D:2      | Reached skill level 1 in Bows
  2192 | D:2      | Reached skill level 1 in Crossbows
  2192 | D:2      | Reached skill level 1 in Throwing
  2192 | D:2      | Reached skill level 1 in Dodging
  2192 | D:2      | Reached skill level 1 in Stealth
  2192 | D:2      | Reached skill level 1 in Shields
  2192 | D:2      | Reached skill level 1 in Unarmed Combat
  2192 | D:2      | Reached skill level 1 in Invocations
  2192 | D:2      | Reached XP level 4. HP: 17/32 MP: 3/8
  2491 | D:2      | HP: 1/32 [poisoned by an adder]
  2492 | D:2      | Succumbed to an adder's poison

Illustrated notes

Levels and vault maps discovered:
D:1:      minmay_arrival_plants_in_alcoves, layout_loops_ring,
          serial_co_window_serial, co_window_paths_a, co_window_paths_a,
          co_window_of_opportunity_a, co_window_corner_a, co_window_paths_a,
          co_window_unsneaky_path_a, co_window_corner_b, co_window_corner_b,
          co_window_4corner_a, glass_columns_c, glass_columns_a
D:2:      layout_loops_corners, uniq_jessica, uniq_crazy_yiuf_cottage

Skill      XL: |  1  2  3 |
---------------+----------+-----
Fighting       | 1 |  1.0
Short Blades   | 1 |  1.0
Long Blades    | 1 |  1.0
Axes           | 1 |  1.0
Polearms       | 1 |  1.0
Staves         | 1 |  1.0
Slings         | 1 |  1.0
Bows           | 1 |  1.0
Crossbows      | 1 |  1.0
Throwing       | 1 |  1.0
Dodging        | 1 |  1.0
Stealth        | 1 |  1.0
Shields        | 1 |  1.0
Unarmed Combat | 1 |  1.0
Invocations    | 1 |  1.1
Maces & Flails | |  6.6
Armour         | |  2.7
Spellcasting   | |  2.9
Conjurations   | |  0.8
Hexes          | |  0.8
Summonings     | |  5.4
Necromancy     | |  0.8
Translocations | |  0.8
Transmutations | |  0.8
Fire Magic     | |  0.8
Ice Magic      | |  0.8
Air Magic      | |  0.8
Earth Magic    | |  0.8
Poison Magic   | |  0.8
Evocations     | |  4.6

Action                   |  1- 3 |  4- 6 || total
-------------------------+-------+-------++-------
Melee: Flail             |    90 |    27 ||   117
       Bite              |     5 |     2 ||     7
 Cast: Summon Small Mamm |     2 |       ||     2
       Call Canine Famil |     1 |       ||     1
Armor: Robe              |    24 |     4 ||    28
Dodge: Dodged            |    41 |    14 ||    55

Table legend: (Time is in decaauts)
 A = Elapsed time spent in this place.
 B = Non-inter-level travel time spent in this place.
 C = Inter-level travel time spent in this place.
 D = Time resting spent in this place.
 E = Time spent auto-exploring this place.
 F = Levels seen in this place.
 G = Mean time per level.
                   A        B        C        D        E       F      G
               +--------+--------+--------+--------+--------+-----+--------+
         Total |   2500 |   2451 |     49 |    745 |   1400 |   2 | 1250.0 |
       Dungeon |   2500 |   2451 |     49 |    745 |   1400 |   2 | 1250.0 |
               +--------+--------+--------+--------+--------+-----+--------+

Top non-repeatable levels by time:
     D:1: 1910 daAuts
     D:2: 589 daAuts
